Map: 莱瑞拉克之冠

Players

Gentleprobe (Cyan)

  • Race: Protoss Protoss
  • League: Master

iGiA (iAsonu) - Winner!

  • Race: Zerg Zerg
  • League: Master

Event: GPL 2015 - Grand Finals

VOD

Have the link to the VOD?

Description

Time

  • Played on: Jan. 9, 2016, 8:21 a.m.
  • Length: 11:50

All games in this series

Show
View Real Time Build Order
Export as new Build Order

Gentleprobe Protoss 

Build Orders: Nexus First 

Get SALT Encoding   

  12  0:01  Probe (Chrono Boost)  
  13  0:11  Probe (Chrono Boost)  
  14  0:19  Pylon  
  14  0:22  Probe (Chrono Boost)  
  15  0:37  Probe (Chrono Boost)  
  16  0:48  Probe (Chrono Boost)  
  17  0:58  Nexus  
  17  1:01  Probe (Chrono Boost)  
  18  1:11  Gateway  
  18  1:15  Probe (Chrono Boost)  
  19  1:20  Assimilator  
  19  1:25  Probe (Chrono Boost)  
  20  1:29  Assimilator  
  20  1:36  Probe (Chrono Boost)  
  21  1:42  Gateway  
  21  1:46  Probe (Chrono Boost)  
  22  1:57  Probe (Chrono Boost)  
  22  2:00  Cybernetics Core  
  23  2:10  Probe x2 (Chrono Boost)  
  27  2:20  Probe x2 (Chrono Boost)  
  29  2:31  Probe x2 (Chrono Boost)  
  29  2:33  Pylon  
  29  2:36  Adept (Chrono Boost)  
  31  2:39  Adept (Chrono Boost)  
  31  2:42  Probe (Chrono Boost)  
  31  2:43  Warp Gate  
  34  2:44  Probe (Chrono Boost)  
  35  2:54  Probe (Chrono Boost)  
  35  2:56  Mothership Core (Chrono Boost)  
  38  2:59  Pylon  
  38  3:02  Adept  
  38  3:05  Probe (Chrono Boost)  
  41  3:14  Probe (Chrono Boost)  
  41  3:16  Probe (Chrono Boost)  
  41  3:18  Adept  
  45  3:25  Probe (Chrono Boost)  
  45  3:26  Probe (Chrono Boost)  
  47  3:28  Gateway  
  47  3:30  Gateway  
  47  3:35  Probe (Chrono Boost)  
  47  3:37  Probe (Chrono Boost)  
  49  3:45  Sentry  
  49  3:46  Probe (Chrono Boost)  
  49  3:47  Probe (Chrono Boost)  
  51  3:49  Forge  
  51  3:51  Pylon  
  49  3:57  Probe (Chrono Boost)  
  49  3:58  Probe (Chrono Boost)  
  49  4:01  Stargate  
  51  4:07  Probe (Chrono Boost)  
  51  4:08  Probe (Chrono Boost)  
  53  4:15  Assimilator  
  53  4:17  Protoss Ground Weapons Level 1 (Chrono Boost)  
  53  4:18  Probe (Chrono Boost)  
  53  4:19  Probe (Chrono Boost)  
  53  4:20  Assimilator  
  55  4:28  Probe (Chrono Boost)  
  55  4:29  Probe (Chrono Boost)  
  57  4:35  Pylon, Nexus  
  57  4:38  Probe (Chrono Boost)  
  57  4:39  Pylon  
  57  4:40  Probe (Chrono Boost)  
  57  4:43  Oracle (Chrono Boost)  
  62  4:53  Probe, Adept  
  62  4:54  Adept x2  
  62  4:58  Adept  
  71  5:00  Pylon, Probe  
  71  5:05  Probe  
  73  5:09  Pylon  
  73  5:13  Probe (Chrono Boost)  
  74  5:14  Adept x2  
  74  5:20  Probe (Chrono Boost)  
  79  5:24  Probe (Chrono Boost)  
  79  5:26  Photon Cannon  
  79  5:27  Gateway  
  80  5:31  Gateway  
  80  5:37  Twilight Council  
  80  5:38  Probe (Chrono Boost)  
  81  5:48  Probe (Chrono Boost)  
  81  5:49  Probe (Chrono Boost)  
  83  5:52  Robotics Facility, Probe (Chrono Boost)  
  84  6:00  Probe (Chrono Boost)  
  84  6:02  Assimilator  
  84  6:03  Protoss Ground Weapons Level 2  
  84  6:04  Pylon  
  85  6:06  Assimilator  
  85  6:10  Blink (Chrono Boost)  
  85  6:11  Probe (Chrono Boost)  
  78  6:20  Probe  
  78  6:21  Pylon  
  78  6:22  Pylon  
  78  6:24  Pylon  
  78  6:25  Pylon, Sentry x2  
  83  6:28  Stalker x2  
  83  6:29  Stalker  
  83  6:30  Probe  
  83  6:31  Probe  
  91  6:41  Probe  
  91  6:43  Warp Prism (Chrono Boost)  
  91  6:44  Robotics Bay  
  91  6:46  Pylon  
  94  6:48  Pylon  
  94  6:55  Stalker x3  
  100  7:07  Gateway  
  100  7:08  Gateway  
  100  7:12  Robotics Facility, Phoenix  
  102  7:21  Observer (Chrono Boost)  
  103  7:31  Stalker x6  
  114  7:37  Phoenix  
  114  7:39  Photon Cannon  
  114  7:41  Pylon  
  116  7:47  Observer (Chrono Boost)  
  116  7:55  Pylon, Gravitic Drive, Stargate  
  116  7:59  Disruptor (Chrono Boost)  
  122  8:05  Disruptor (Chrono Boost)  
  122  8:07  Phoenix  
  122  8:12  Charge  
  124  8:30  Disruptor (Chrono Boost)  
  127  8:39  Phoenix  
  127  8:40  Phoenix  
  123  8:49  Protoss Ground Weapons Level 3  
  123  8:51  Pylon  
  121  8:55  Zealot  
  121  8:56  Zealot x7  
  121  9:02  Warp Prism (Chrono Boost)  
  142  9:03  Disruptor (Chrono Boost)  
  142  9:14  Nexus  
  142  9:16  Pylon  
  142  9:18  Pylon  
  142  9:20  Stalker x3  
  146  9:33  Disruptor (Chrono Boost)  
  146  9:34  Disruptor (Chrono Boost)  
  150  9:39  Stalker  
  150  9:40  Stalker x3  
  145  9:56  Zealot x4  
  139  10:04  Disruptor (Chrono Boost)  
  139  10:05  Disruptor (Chrono Boost)  
  144  10:14  Zealot x4  
  148  10:29  Nexus  
  148  10:31  Pylon  
  148  10:32  Pylon  
  148  10:34  Photon Cannon  
  148  10:35  Photon Cannon, Disruptor (Chrono Boost)  
  151  10:36  Photon Cannon  
  151  10:37  Disruptor (Chrono Boost)  
  148  10:50  Photon Cannon, Templar Archives  
  148  10:55  Assimilator  
  146  10:59  Zealot x3  
  146  11:00  Assimilator  
  152  11:06  Warp Prism (Chrono Boost)  
  111  11:21  Zealot x5  
Show
View Real Time Build Order
Export as new Build Order

iGiA Zerg - Winner!

Build Orders: Hatch First, Lurkers 

Get SALT Encoding   

  12  0:01  Drone  
  13  0:12  Overlord  
  13  0:17  Drone  
  14  0:31  Drone x2  
  14  0:34  Drone  
  17  0:45  Drone  
  18  0:55  Hatchery  
  17  0:57  Drone  
  17  1:00  Extractor  
  17  1:12  Spawning Pool  
  17  1:14  Drone  
  17  1:17  Drone  
  18  1:28  Drone  
  19  1:39  Overlord  
  19  1:49  Drone  
  20  1:59  Queen  
  20  2:00  Metabolic Boost, Zergling x2  
  23  2:07  Queen  
  23  2:08  Drone  
  26  2:11  Drone  
  27  2:21  Drone  
  28  2:23  Drone  
  29  2:33  Hatchery  
  28  2:40  Overlord  
  28  2:41  Drone  
  29  2:46  Drone  
  29  2:47  Drone  
  29  2:50  Drone  
  32  2:56  Drone  
  33  3:01  Drone  
  33  3:05  Drone  
  35  3:10  Zergling x6  
  35  3:12  Drone  
  38  3:18  Zergling x4  
  38  3:19  Drone  
  42  3:20  Drone  
  42  3:24  Overlord  
  42  3:28  Drone  
  43  3:41  Overlord  
  43  3:42  Queen  
  43  3:48  Drone x8  
  45  3:49  Drone  
  45  3:52  Lair  
  53  3:58  Drone  
  53  3:59  Drone, Evolution Chamber  
  53  4:00  Drone  
  55  4:07  Drone x2  
  57  4:12  Drone  
  57  4:15  Extractor  
  57  4:16  Extractor  
  55  4:20  Drone  
  55  4:21  Drone x2  
  55  4:23  Drone  
  59  4:24  Drone  
  59  4:25  Drone  
  59  4:28  Drone, Zerg Melee Weapons Level 1  
  59  4:30  Drone, Extractor  
  62  4:32  Drone  
  63  4:39  Drone  
  63  4:42  Drone x2  
  66  4:51  Overlord x2  
  66  4:55  Roach Warren  
  66  4:56  Overseer  
  66  4:57  Hatchery, Overlord  
  64  5:03  Spire  
  64  5:04  Extractor  
  64  5:05  Overlord  
  64  5:06  Drone x4  
  66  5:10  Drone x5  
  71  5:19  Zergling x4  
  73  5:21  Zergling x2  
  73  5:22  Zergling x6  
  73  5:27  Zergling x12  
  82  5:32  Extractor  
  81  5:36  Zergling x4, Hydralisk Den  
  82  5:43  Spore Crawler  
  82  5:45  Roach x3  
  76  5:51  Roach  
  77  6:15  Spore Crawler  
  77  6:17  Queen  
  74  6:19  Mutalisk x6  
  74  6:21  Drone x3  
  74  6:22  Drone x3  
  74  6:25  Queen, Spore Crawler  
  91  6:26  Extractor  
  91  6:27  Drone x3, Extractor  
  91  6:28  Drone x2  
  96  6:39  Queen  
  96  6:40  Zerg Melee Weapons Level 2  
  96  6:43  Zerg Flyer Weapons Level 1  
  98  6:51  Overlord x2  
  98  6:56  Overlord x2  
  95  7:04  Overlord  
  95  7:06  Drone  
  96  7:09  Overlord x2  
  96  7:11  Drone  
  96  7:12  Drone  
  96  7:15  Drone x3  
  101  7:18  Hydralisk  
  101  7:22  Lurker Den  
  103  7:32  Hydralisk x3  
  103  7:35  Drone x3  
  112  7:40  Hydralisk  
  114  7:46  Hydralisk  
  114  7:49  Drone  
  114  7:50  Drone x5  
  122  7:57  Hydralisk x2  
  124  8:03  Hydralisk  
  126  8:08  Hydralisk x2  
  130  8:19  Hydralisk  
  128  8:21  Overlord x2  
  128  8:29  Hydralisk x6  
  139  8:34  Overlord  
  139  8:36  Overlord x4  
  139  8:41  Hydralisk x3  
  145  8:53  Lurker x7  
  145  8:54  Lurker x3  
  155  8:58  Zerg Missile Weapons Level 1  
  155  9:03  Overseer  
  155  9:04  Spore Crawler  
  155  9:05  Zergling x14  
  161  9:11  Hydralisk  
  161  9:12  Zergling x10  
  167  9:19  Drone  
  167  9:20  Drone  
  169  9:25  Zergling x18  
  169  9:30  Muscular Augments  
  178  9:40  Zergling x18  
  170  9:52  Hydralisk x2  
  157  9:53  Zergling x6  
  157  9:59  Zergling x4  
  161  10:00  Zergling x12  
  155  10:16  Hydralisk x4  
  162  10:27  Lurker x4  
  161  10:32  Zergling x2, Hydralisk  
  161  10:33  Zergling x14  
  171  10:40  Zergling x16  
  179  10:48  Hatchery, Zergling x2  
  179  10:49  Zergling x8  
  183  10:52  Overseer  
  183  11:01  Zergling x8  
  183  11:03  Pneumatized Carapace  
  160  11:18  Hydralisk  
  160  11:19  Zergling x2  
  160  11:20  Zergling x22  
Tags
 
Add a new tag
Caveats
  • Supply blocks, unpowered buildings, or Contaminate may cause inaccurate times.
  • Supply counts are checked every 10 seconds.